MLB
PITTSBURGH PIRATES @ LOS ANGELES DODGERS
10/08/2098
 
TOP OF THE 1ST
Pittsburgh Pirates batting - Pitching for Los Angeles Dodgers : LHP Mike Rumschlag
Pitching: LHP Mike Rumschlag
Batting: SHB Nick Stiles 0-0: Called Strike
0-1: SINGLE (Groundball, 6MD, EV 100.6 MPH)
Batting: RHB Verner Johannsen 0-0: Swinging Strike
0-1: Called Strike
0-2: Ball
1-2: Ball
2-2: Ground out 6-3 (Groundball, 6S, EV 66.9 MPH)
Nick Stiles to second
Batting: RHB Raul Munoz 0-0: Ball
1-0: Swinging Strike
1-1: Swinging Strike
1-2: Ground out 5-3 (Groundball, 56S, EV 64.4 MPH)
Batting: RHB Zachary Gugliotta 0-0: Foul Ball, location: 23FF
0-1: Foul Ball, location: 2F
0-2: Strikes out swinging
Top of the 1st over - 0 runs, 1 hit, 0 errors, 1 left on base; Pittsburgh 0 - Los Angeles 0
BOTTOM OF THE 1ST
Los Angeles Dodgers batting - Pitching for Pittsburgh Pirates : RHP Jason Williams
Pitching: RHP Jason Williams
Batting: RHB Dan Boyd 0-0: SINGLE (Groundball, 34S, EV 66.3 MPH) (infield hit)
Batting: RHB John Spohn 0-0: Ball
1-0: Fly out, F9 (Flyball, 9D, EV 103.1 MPH)
Batting: RHB Brad Horwath 0-0: Called Strike
0-1: Ball
Dan Boyd steals 2nd base
1-1: Fly out, F9 (Line Drive, 9, EV 91.3 MPH)
Batting: LHB Eddy Miramontes 0-0: Foul Ball, location: 3DF
0-1: Swinging Strike
0-2: SINGLE (Groundball, 4MD, EV 96.3 MPH)
Dan Boyd to third
Runner from 3rd tries for Home, SAFE, throw by CF to home
Batting: LHB Greg Thompson 0-0: Foul Ball, location: 7LDF
0-1: DOUBLE (Line Drive, 9LM, EV 110.0 MPH)
Eddy Miramontes to third
Batting: RHB Victor Salinas 0-0: Ball
1-0: Ball
2-0: DOUBLE (Line Drive, 89D, EV 110.6 MPH)
Eddy Miramontes scores
Greg Thompson scores
Batting: LHB Mike Jessie 0-0: Ball
1-0: Ball
2-0: Called Strike
2-1: Ball
3-1: Ground out 4-3 (Groundball, 4, EV 105.0 MPH)
Bottom of the 1st over - 3 runs, 4 hits, 0 errors, 1 left on base; Pittsburgh 0 - Los Angeles 3
TOP OF THE 2ND
Pittsburgh Pirates batting - Pitching for Los Angeles Dodgers : LHP Mike Rumschlag
Batting: RHB Nate D'Acquisto 0-0: Foul Ball, location: 9LDF
0-1: Called Strike
0-2: Ball
1-2: Foul Ball, location: 7LDF
1-2: Ground out 5-3 (Groundball, 56, EV 98.1 MPH)
Batting: RHB Carlos Flores 0-0: Ball
1-0: Foul Ball, location: 9LMF
1-1: Foul Ball, location: 7LSF
1-2: Ball
2-2: Fly out, F9 (Flyball, 89S, EV 86.9 MPH)
Batting: RHB Bryan Dannemiller 0-0: Ball
1-0: Ball
2-0: Foul Ball, location: 5F
2-1: Ball
3-1: Base on Balls
Batting: RHB Alex Velazquez 0-0: Called Strike
0-1: Ball
1-1: 2-RUN HOME RUN (Flyball, 9D, EV 95.6 MPH), Distance : 356 ft
Batting: LHB Todd Schuller 0-0: Ground out U3 (Groundball, 34, EV 83.1 MPH)
Top of the 2nd over - 2 runs, 1 hit, 0 errors, 0 left on base; Pittsburgh 2 - Los Angeles 3
BOTTOM OF THE 2ND
Los Angeles Dodgers batting - Pitching for Pittsburgh Pirates : RHP Jason Williams
Batting: RHB Chris Rodriguez 0-0: Bunt missed!
0-1: Foul Ball, location: 23F
0-2: Ball
1-2: Ball
2-2: Ball
3-2: SINGLE (Line Drive, 56D, EV 66.9 MPH)
Batting: SHB Jason Avsar 0-0: Ball
1-0: Ball
Chris Rodriguez is caught stealing 2nd base 2-6
2-0: Ground out 5-3 (Groundball, 5, EV 85.0 MPH)
Batting: RHB Dan Boyd 0-0: Swinging Strike
0-1: Called Strike
0-2: Ball
1-2: Fly out, F7 (Line Drive, 78S, EV 92.5 MPH)
Bottom of the 2nd over - 0 runs, 1 hit, 0 errors, 0 left on base; Pittsburgh 2 - Los Angeles 3
TOP OF THE 3RD
Pittsburgh Pirates batting - Pitching for Los Angeles Dodgers : LHP Mike Rumschlag
Batting: SHB Nick Stiles 0-0: Called Strike
0-1: Ball
1-1: SINGLE (Line Drive, 56, EV 104.4 MPH)
Pitching: RHP Ben Blackwood
Batting: RHB Verner Johannsen 0-0: Foul Ball, location: 7LSF
0-1: Swinging Strike
0-2: Ball
1-2: Ball
2-2: Foul Ball, location: 2LF
2-2: Ball
3-2: Strikes out looking
Batting: RHB Raul Munoz 0-0: Foul Ball, location: 25F
0-1: Grounds into double play, 6-4-3 (Groundball, 6, EV 89.4 MPH)
Top of the 3rd over - 0 runs, 1 hit, 0 errors, 0 left on base; Pittsburgh 2 - Los Angeles 3
BOTTOM OF THE 3RD
Los Angeles Dodgers batting - Pitching for Pittsburgh Pirates : RHP Jason Williams
Batting: RHB John Spohn 0-0: Called Strike
0-1: Ball
1-1: Ground out 6-3 (Groundball, 6, EV 104.4 MPH)
Batting: RHB Brad Horwath 0-0: Called Strike
0-1: Swinging Strike
0-2: Foul Ball, location: 3SF
0-2: Ground out 4-3 (Groundball, 34D, EV 96.3 MPH)
Batting: LHB Eddy Miramontes 0-0: Swinging Strike
0-1: Called Strike
0-2: Ball
1-2: Ball
2-2: Strikes out swinging
Bottom of the 3rd over - 0 runs, 0 hits, 0 errors, 0 left on base; Pittsburgh 2 - Los Angeles 3
TOP OF THE 4TH
Pittsburgh Pirates batting - Pitching for Los Angeles Dodgers : RHP Ben Blackwood
Batting: RHB Zachary Gugliotta 0-0: Called Strike
0-1: Called Strike
0-2: Ball
1-2: Ball
2-2: Foul Ball, location: 2F
2-2: Strikes out swinging
Batting: RHB Nate D'Acquisto 0-0: Ball
1-0: Swinging Strike
1-1: Foul Ball, location: 2F
1-2: Strikes out swinging
Batting: RHB Carlos Flores 0-0: Swinging Strike
0-1: Ball
1-1: Fly out, F3 (Popup, 3SF, EV 80.6 MPH)
Top of the 4th over - 0 runs, 0 hits, 0 errors, 0 left on base; Pittsburgh 2 - Los Angeles 3
BOTTOM OF THE 4TH
Los Angeles Dodgers batting - Pitching for Pittsburgh Pirates : RHP Jason Williams
Batting: LHB Greg Thompson 0-0: Called Strike
0-1: Foul Ball, location: 2F
0-2: Ball
1-2: Strikes out looking
Batting: RHB Victor Salinas 0-0: Foul Ball, location: 2F
0-1: Ball
1-1: Ball
2-1: Ball
3-1: SINGLE (Line Drive, 8RS, EV 105.0 MPH)
Batting: LHB Mike Jessie 0-0: Ball
1-0: Called Strike
1-1: Foul Ball, location: 7LSF
1-2: Strikes out swinging
Batting: RHB Chris Rodriguez 0-0: Called Strike
0-1: Foul Ball, location: 9LMFF
0-2: Ball
1-2: Ground out 6-3 (Groundball, 6D, EV 108.8 MPH)
Bottom of the 4th over - 0 runs, 1 hit, 0 errors, 1 left on base; Pittsburgh 2 - Los Angeles 3
TOP OF THE 5TH
Pittsburgh Pirates batting - Pitching for Los Angeles Dodgers : RHP Ben Blackwood
Batting: RHB Bryan Dannemiller 0-0: Ball
1-0: Ball
2-0: Foul Ball, location: 2F
2-1: Fly out, F8 (Flyball, 8LXD, EV 95.0 MPH)
Batting: RHB Alex Velazquez 0-0: Called Strike
0-1: Ball
1-1: Fly out, F7 (Flyball, 78S, EV 96.9 MPH)
Batting: LHB Todd Schuller 0-0: Swinging Strike
0-1: Ball
1-1: Ball
2-1: Called Strike
2-2: Foul Ball, location: 3F
2-2: Foul Ball, location: 5F
2-2: Foul Ball, location: 23F
2-2: DOUBLE (Line Drive, 78D, EV 110.0 MPH)
Batting: SHB Nick Stiles 0-0: Foul Ball, location: 9LSF
0-1: Ball
1-1: Ball
2-1: Ball
3-1: Called Strike
3-2: Strikes out swinging
Top of the 5th over - 0 runs, 1 hit, 0 errors, 1 left on base; Pittsburgh 2 - Los Angeles 3
BOTTOM OF THE 5TH
Los Angeles Dodgers batting - Pitching for Pittsburgh Pirates : RHP Jason Williams
Batting: SHB Jason Avsar 0-0: Called Strike
0-1: Foul Ball, location: 2F
0-2: Ball
1-2: Strikes out looking
Batting: RHB Dan Boyd 0-0: Called Strike
0-1: Ball
1-1: Foul Ball, location: 9LSF
1-2: Strikes out swinging
Batting: RHB John Spohn 0-0: Called Strike
0-1: Foul Ball, location: 2F
0-2: SINGLE (Line Drive, 7S, EV 106.9 MPH)
Batting: RHB Brad Horwath 0-0: Foul Ball, location: 2F
0-1: Foul Ball, location: 25F
0-2: Ball
1-2: Ball
2-2: Foul Ball, location: 2F
2-2: Ball
John Spohn steals 2nd base (no throw)
3-2: Strikes out looking
Bottom of the 5th over - 0 runs, 1 hit, 0 errors, 1 left on base; Pittsburgh 2 - Los Angeles 3
TOP OF THE 6TH
Pittsburgh Pirates batting - Pitching for Los Angeles Dodgers : RHP Ben Blackwood
Pinch Hitting: RHB Randy Wilson 0-0: Ball
1-0: Ground out 5-3 (Groundball, 56, EV 88.8 MPH)
Batting: RHB Raul Munoz 0-0: Ball
1-0: Foul Ball, location: 5F
1-1: Foul Ball, location: 2F
1-2: Foul Ball, location: 25FF
1-2: Fly out, F9 (Flyball, 9, EV 95.0 MPH)
Pitching: RHP Kyle McLelland
Batting: RHB Zachary Gugliotta 0-0: Swinging Strike
0-1: Ball
1-1: Foul Ball, location: 7LSF
1-2: Ball
2-2: Foul Ball, location: 2F
2-2: Strikes out looking
Top of the 6th over - 0 runs, 0 hits, 0 errors, 0 left on base; Pittsburgh 2 - Los Angeles 3
BOTTOM OF THE 6TH
Los Angeles Dodgers batting - Pitching for Pittsburgh Pirates : RHP Jason Williams
Now at SS: Carlos Flores
Now in LF: Todd Schuller
Now in CF: Randy Wilson
Batting: LHB Eddy Miramontes 0-0: Ball
1-0: Swinging Strike
1-1: Ball
2-1: Called Strike
2-2: Ball
3-2: SINGLE (Line Drive, 56D, EV 95.0 MPH)
Batting: LHB Greg Thompson 0-0: DOUBLE (Groundball, 5L, EV 108.1 MPH)
Eddy Miramontes to third
Batting: RHB Victor Salinas 0-0: Ball
1-0: Ball
2-0: Called Strike
2-1: Foul Ball, location: 9LSF
2-2: Strikes out swinging
Pitching: LHP Gaby Juarbe Jr.
Batting: LHB Mike Jessie 0-0: Ball
1-0: Ground out 3-1 (Groundball, 34, EV 85.6 MPH)
Batting: RHB Chris Rodriguez 0-0: Fly out, F8 (Flyball, 8RD, EV 86.3 MPH)
Bottom of the 6th over - 0 runs, 2 hits, 0 errors, 2 left on base; Pittsburgh 2 - Los Angeles 3
TOP OF THE 7TH
Pittsburgh Pirates batting - Pitching for Los Angeles Dodgers : RHP Kyle McLelland
Pitching: RHP J.P. Vines
Now at C: Ron Ascencio
Now at 1B: Brad Horwath
Now at 3B: Luis Lozada
Now in LF: Joel Holden
Now in RF: John Spohn
Batting: RHB Nate D'Acquisto 0-0: SINGLE (Groundball, 6MD, EV 103.1 MPH)
Pinch Hitting: SHB Jamie Hoffman 0-0: Called Strike
0-1: Ball
1-1: Swinging Strike
1-2: Foul Ball, location: 9LSF
1-2: Strikes out swinging
Batting: RHB Bryan Dannemiller 0-0: Ball
1-0: Foul Ball, location: 3DF
1-1: Fly out, F7 (Line Drive, 7LM, EV 92.5 MPH)
Batting: RHB Alex Velazquez 0-0: Ball
1-0: SINGLE (Flyball, 78S, EV 91.9 MPH)
Nate D'Acquisto to second
Runner from 2nd tries for 3rd, SAFE, no throw by LF
Batting: LHB Todd Schuller 0-0: Fielders Choice at 2nd, 5-4 (Groundball, 56, EV 91.9 MPH)
Top of the 7th over - 0 runs, 2 hits, 0 errors, 2 left on base; Pittsburgh 2 - Los Angeles 3
BOTTOM OF THE 7TH
Los Angeles Dodgers batting - Pitching for Pittsburgh Pirates : LHP Gaby Juarbe Jr.
Now at SS: Jeremiah Coleman
Batting: SHB Jason Avsar 0-0: Called Strike
0-1: Called Strike
0-2: Ball
1-2: DOUBLE (Flyball, 78D, EV 108.1 MPH)
Batting: RHB Dan Boyd 0-0: Called Strike
0-1: DOUBLE (Line Drive, 9LM, EV 110.6 MPH)
Jason Avsar scores
Batting: RHB John Spohn 0-0: SINGLE (Line Drive, 6MD, EV 100.0 MPH)
Dan Boyd to third
Batting: RHB Brad Horwath 0-0: Ball
1-0: Foul Ball, location: 2F
1-1: Fly out, F8 (Flyball, 8LM, EV 94.4 MPH)
Runner from 3rd tags up, SCORES, no throw by CF
Batting: RHB Luis Lozada 0-0: Ball
1-0: Called Strike
1-1: Called Strike
1-2: Ball
2-2: Strikes out swinging
Batting: LHB Joel Holden 0-0: Ball
1-0: Called Strike
1-1: Ball
2-1: Foul Ball, location: 3F
2-2: Foul Ball, location: 2F
2-2: Fielders Choice at 2nd, U4 (Groundball, 4M, EV 90.6 MPH)
Bottom of the 7th over - 2 runs, 3 hits, 0 errors, 1 left on base; Pittsburgh 2 - Los Angeles 5
TOP OF THE 8TH
Pittsburgh Pirates batting - Pitching for Los Angeles Dodgers : RHP J.P. Vines
Batting: SHB Nick Stiles 0-0: Called Strike
0-1: Called Strike
0-2: Foul Ball, location: 7LSF
0-2: Foul Ball, location: 23FF
0-2: Strikes out looking and he ARGUES THE CALL AND IS TOSSED!
Batting: RHB Randy Wilson 0-0: Swinging Strike
0-1: Swinging Strike
0-2: Strikes out looking
Pitching: LHP Jose Amaro
Batting: RHB Raul Munoz 0-0: SINGLE (Line Drive, 6D, EV 94.4 MPH)
Batting: RHB Zachary Gugliotta 0-0: Called Strike
0-1: Foul Ball, location: 23F
0-2: Ground out 5-3 (Groundball, 5S, EV 73.8 MPH)
Top of the 8th over - 0 runs, 1 hit, 0 errors, 1 left on base; Pittsburgh 2 - Los Angeles 5
BOTTOM OF THE 8TH
Los Angeles Dodgers batting - Pitching for Pittsburgh Pirates : LHP Gaby Juarbe Jr.
Pitching: RHP Dana House
Now at 2B: Alejandro Reyes
Batting: RHB Victor Salinas 0-0: Called Strike
0-1: Ground out 4-3 (Groundball, 4, EV 91.3 MPH)
Batting: RHB Ron Ascencio 0-0: Ball
1-0: Foul Ball, location: 25F
1-1: Foul Ball, location: 7LSF
1-2: Foul Ball, location: 5SF
1-2: Ball
2-2: Foul Ball, location: 23FF
2-2: Foul Ball, location: 9LDF
2-2: Foul Ball, location: 7LMFF
2-2: Foul Ball, location: 3F
2-2: Strikes out swinging
Batting: RHB Chris Rodriguez 0-0: Ball
1-0: Ball
2-0: Called Strike
2-1: Ball
3-1: Foul Ball, location: 2F
3-2: SINGLE (Groundball, 4MD, EV 83.8 MPH) (infield hit)
Batting: SHB Jason Avsar 0-0: Ball
1-0: Called Strike
1-1: Swinging Strike
1-2: Strikes out swinging
Bottom of the 8th over - 0 runs, 1 hit, 0 errors, 1 left on base; Pittsburgh 2 - Los Angeles 5
TOP OF THE 9TH
Pittsburgh Pirates batting - Pitching for Los Angeles Dodgers : LHP Jose Amaro
Pitching: RHP Dennis Emmons
Batting: RHB Nate D'Acquisto 0-0: Ball
1-0: Fly out, F8 (Line Drive, 8LM, EV 98.8 MPH)
Batting: RHB Jeremiah Coleman 0-0: Called Strike
0-1: Swinging Strike
0-2: Fly out, F5 (Popup, 5SF, EV 80.0 MPH)
Batting: RHB Bryan Dannemiller 0-0: Ball
1-0: Ball
2-0: Called Strike
2-1: Swinging Strike
2-2: Ground out 6-3 (Groundball, 6, EV 101.9 MPH)
Top of the 9th over - 0 runs, 0 hits, 0 errors, 0 left on base; Pittsburgh 2 - Los Angeles 5
Tuesday, April 16th , 2024 - OOTP Baseball 24.11 Build 85